 Dungeon Crawl Stone Soup version 0.28.0-43-g3370ac3207 (webtiles) character file.

Game seed: 12060496256877221890

641 Ablot the Grasshopper (level 7, 0/56 HPs)
             Began as a Gnoll Warper on Mar 27, 2022.
             Was a Plaything of Xom.
             Slain by a two-headed ogre
             ... wielding a +0 giant spiked club
              (18 damage)
             ... on level 5 of the Dungeon.
             The game lasted 00:06:33 (4664 turns).

Ablot the Grasshopper (Gnoll Warper)                Turns: 4664, Time: 00:06:34

Health: 0/56       AC: 11    Str: 12    XL:     7   Next: 51%
Magic:  14/15      EV: 13    Int: 15    God:    Xom [..*...]
Gold:   151        SH:  0    Dex: 12    Spells: 15/17 levels left

rFire   . . .      SeeInvis +   C - +3 quarterstaff (chaos)
rCold   . . .      Faith    .   (shield currently unavailable)
rNeg    + . .      Spirit   .   b - +0 leather armour
rPois   +          Reflect  .   s - +1 helmet
rElec   .          Harm     .   x - +2 ratskin cloak {*Rats rPois rN+ Str-1 Int-1 Dex+1}
rCorr   .          Rampage  .   (no gloves)
Will    .....                   z - +2 pair of boots of Bedevilment {Int+4}
Stlth   ++........              (no amulet)
HPRegen 0.18/turn               g - ring of see invisible
MPRegen 0.14/turn               (no ring)

@: liquefying, slowed movement, very slow
A: fangs 1, strong nose, distributed training
a: Renounce Religion


You were on level 5 of the Dungeon.
You worshipped Xom.
You were a toy of Xom.
You visited 1 branch of the dungeon, and saw 5 of its levels.

You collected 151 gold pieces.

Inventory:

Hand Weapons
 a - a +1 trident of venom
 C - a +3 quarterstaff of chaos (weapon)
Missiles
 d - 5 boomerangs of dispersal
 f - 270 stones (quivered)
 k - 89 arrows
Armour
 b - a +0 leather armour (worn)
 s - a +1 helmet (worn)
 x - the +2 ratskin cloak (worn) {*Rats rPois rN+ Str-1 Int-1 Dex+1}
   (You found it on level 5 of the Dungeon)

   When the wearer is hurt, rats may emerge from it to assist them.
   Str:       It affects your strength (-1).
   Int:       It affects your intelligence (-1).
   Dex:       It affects your dexterity (+1).
   rPois:     It protects you from poison.
   rN:        It protects you from negative energy.
 z - the +2 pair of boots of Bedevilment (worn) {Int+4}
   (You found it on level 4 of the Dungeon)

   Int:       It affects your intelligence (+4).
 D - a +1 cloak of stealth
Jewellery
 g - a ring of see invisible (left hand)
Scrolls
 c - 2 scrolls of blinking
 e - 8 scrolls of identify {unknown}
 i - 3 scrolls of amnesia {unknown}
 j - 4 scrolls of teleportation {unknown}
 l - a scroll of holy word {unknown}
 q - a scroll of silence {unknown}
 u - 2 scrolls of summoning {unknown}
 v - a scroll of enchant weapon {unknown}
 y - a scroll of magic mapping {unknown}
Potions
 h - a potion of invisibility {unknown}
 m - a potion of lignification {unknown}
 n - 2 potions of mutation {unknown}
 o - a potion of ambrosia {unknown}
 p - a potion of flight {unknown}
 r - a potion of cancellation {unknown}
 t - a potion of berserk rage {unknown}
 w - 2 potions of heal wounds {unknown}
 A - a potion of attraction {unknown}
 B - a potion of curing {unknown}


   Skills:
 + Level 5.2 Fighting
 + Level 2.5 Short Blades
 + Level 2.5 Long Blades
 + Level 2.5 Axes
 + Level 2.5 Maces & Flails
 + Level 5.2 Polearms
 + Level 2.5 Staves
 + Level 2.5 Slings
 + Level 2.5 Bows
 + Level 2.5 Crossbows
 + Level 3.6 Throwing
 + Level 3.6 Armour
 + Level 5.2 Dodging
 + Level 2.5 Stealth
 + Level 2.5 Shields
 + Level 2.5 Unarmed Combat
 + Level 5.6 Spellcasting
 + Level 2.0 Conjurations
 + Level 2.0 Hexes
 + Level 2.0 Summonings
 + Level 2.0 Necromancy
 + Level 5.8 Translocations
 + Level 2.0 Transmutations
 + Level 2.0 Fire Magic
 + Level 2.0 Ice Magic
 + Level 2.0 Air Magic
 + Level 2.0 Earth Magic
 + Level 2.0 Poison Magic
 + Level 2.8 Invocations
 + Level 2.5 Evocations


You had 15 spell levels left.
You knew the following spells:

 Your Spells              Type           Power      Damage    Failure   Level
a - Blink                 Tloc           42%        N/A       2%          2

Your spell library contained the following spells:

 Spells                   Type           Power      Damage    Failure   Level
 Gell's Gravitas          Tloc           21%        N/A       5%          3
 Lesser Beckoning         Tloc           21%        N/A       5%          3
 Teleport Other           Tloc           21%        N/A       5%          3
 Static Discharge         Conj/Air       10%        N/A       12%         2
 Manifold Assault         Tloc           21%        N/A       43%         5
 Dispel Undead            Necr           10%        3d9       63%         4
 Sticky Flame             Conj/Fire      10%        2d3       63%         4


Dungeon Overview and Level Annotations

Branches:
Dungeon (5/15)             Temple (0/1) D:5

Altars:
Xom

Annotations:
D:4 3 exclusions, Duvessa


Innate Abilities, Weirdness & Mutations

You have very sharp teeth.
Your uncanny sense of smell can sniff out nearby items.
Your experience applies equally to all skills.


Message History

The two-headed ogre is moderately wounded.
Xom's power flows through you!
The ground around you becomes liquefied!
The two-headed ogre hits you with a +0 giant spiked club!!
Ouch! That really hurt!
* * * LOW HITPOINT WARNING * * *
Xom is interested.
The two-headed ogre becomes momentarily stuck in the liquid earth.
Unknown command.
Casting: Blink (safe; 2% risk of failure)
Confirm with . or Enter, or press ? or * to list all spells.
You blink.
Unknown command.
Throw: javelin
Press: ? - help, Q - select action, (/) - cycle Shift-Dir - straight line, f/p - two-headed ogre
Aim: a two-headed ogre, wielding a +0 giant spiked club and a +0 giant club (moderately wounded, 75% to hit)
You throw a javelin.
The javelin pierces through the two-headed ogre!
The two-headed ogre is heavily wounded.
You feel stable enough to blink again.
You see here 2 javelins.
You hit the two-headed ogre.
The two-headed ogre appears confused.
The two-headed ogre is heavily wounded.
Unknown command.
Throw: 271 stones
Press: ? - help, Q - select action, (/) - cycle Shift-Dir - straight line, f/p - two-headed ogre
Aim: a two-headed ogre, wielding a +0 giant spiked club and a +0 giant club (heavily wounded, confused, 86% to hit)
You throw a stone.
The stone hits the two-headed ogre but does no damage.
The two-headed ogre is heavily wounded.
You sock the two-headed ogre!
Space warps around the two-headed ogre.
The two-headed ogre is almost dead.
You barely miss the two-headed ogre.
The two-headed ogre is almost dead.
The two-headed ogre seems less confused.
The two-headed ogre barely misses you. x2
You barely miss the two-headed ogre.
The two-headed ogre is almost dead.
The two-headed ogre hits you with a +0 giant spiked club!!
You die...

### ##.## #...##
#.(@.### ∆ #...O..#
###......
#.....#(.##
#..........#.#.#####
......... ###..#
......# .(..##
......## ##....####
......#.. #......#.#
......#..##(........


You could see a two-headed ogre.

Vanquished Creatures
  A black bear (D:3)
  An ogre (D:3)
  A centaur (D:5)
  Blork the orc (D:5)
  A water moccasin skeleton (D:5)
  Crazy Yiuf (D:4)
  A hound (D:4)
  2 iguanas
  An orc wizard (D:5)
  Robin (D:3)
  3 adders
  2 worms (D:3)
  2 dart slugs
  10 orcs
  5 ball pythons
  5 endoplasms
  2 giant cockroaches
  14 goblins
  9 hobgoblins
  5 jackals
  4 quokkas
  6 bats
  4 frilled lizards
  7 kobolds
  A quokka skeleton (D:4)
  4 rats
94 creatures vanquished.

Notes
Turn   | Place    | Note
-------+----------+-------------------------------------------
     0 | D:1      | Ablot the Gnoll Warper began the quest for the Orb.
     0 | D:1      | Reached XP level 1. HP: 20/20 MP: 6/6
    98 | D:1      | Reached XP level 2. HP: 13/26 MP: 7/7
   130 | D:1      | Learned a level 2 spell: Blink
   687 | D:1      | Reached XP level 3. HP: 19/31 MP: 9/9
   696 | D:1      | Reached skill level 5 in Spellcasting
  1123 | D:2      | Reached skill level 1 in Invocations
  1281 | D:2      | Found a shimmering altar of Xom.
  1297 | D:2      | Found a faded altar of an unknown god.
  1499 | D:2      | Reached skill level 1 in Short Blades
  1499 | D:2      | Reached skill level 1 in Long Blades
  1499 | D:2      | Reached skill level 1 in Axes
  1499 | D:2      | Reached skill level 1 in Maces & Flails
  1499 | D:2      | Reached skill level 1 in Staves
  1499 | D:2      | Reached skill level 1 in Slings
  1499 | D:2      | Reached skill level 1 in Bows
  1499 | D:2      | Reached skill level 1 in Crossbows
  1499 | D:2      | Reached skill level 1 in Stealth
  1499 | D:2      | Reached skill level 1 in Shields
  1499 | D:2      | Reached skill level 1 in Unarmed Combat
  1499 | D:2      | Reached skill level 1 in Evocations
  2009 | D:3      | Noticed a black bear
  2015 | D:3      | Killed a black bear
  2016 | D:3      | Reached skill level 1 in Conjurations
  2016 | D:3      | Reached skill level 1 in Hexes
  2016 | D:3      | Reached skill level 1 in Summonings
  2016 | D:3      | Reached skill level 1 in Necromancy
  2016 | D:3      | Reached skill level 1 in Transmutations
  2016 | D:3      | Reached skill level 1 in Fire Magic
  2016 | D:3      | Reached skill level 1 in Ice Magic
  2016 | D:3      | Reached skill level 1 in Air Magic
  2016 | D:3      | Reached skill level 1 in Earth Magic
  2016 | D:3      | Reached skill level 1 in Poison Magic
  2016 | D:3      | Reached XP level 4. HP: 15/38 MP: 11/11
  2016 | D:3      | Reached XP level 5. HP: 17/43 MP: 12/12
  2405 | D:3      | Noticed Robin
  2439 | D:3      | Killed Robin
  2590 | D:3      | Noticed an ogre
  2596 | D:3      | Killed an ogre
  2597 | D:3      | Reached XP level 6. HP: 48/50 MP: 14/14
  3117 | D:4      | Reached skill level 5 in Fighting
  3117 | D:4      | Reached skill level 5 in Polearms
  3117 | D:4      | Reached skill level 5 in Dodging
  3174 | D:4      | Noticed Duvessa
  3474 | D:4      | Identified the +2 pair of boots of Bedevilment {Int+4}
  3825 | D:4      | Found a runed translucent door.
  3826 | D:4      | Noticed Crazy Yiuf
  3835 | D:4      | Killed Crazy Yiuf
  3950 | D:2      | Became a worshipper of Xom of Chaos
  3984 | D:3      | XOM: silly message
  4090 | D:3      | XOM: scenery: 1 doors open, 1 doors close
  4237 | D:4      | XOM: cloud trail
  4339 | D:5      | Entered Level 5 of the Dungeon
  4371 | D:5      | Reached XP level 7. HP: 56/56 MP: 15/15
  4402 | D:5      | Found a staircase to the Ecumenical Temple.
  4402 | D:5      | Noticed Blork the orc
  4402 | D:5      | XOM: 4-stop teleportation journey
  4412 | D:5      | Killed Blork the orc
  4442 | D:5      | XOM: divination: magic mapping
  4465 | D:5      | Found the +2 ratskin cloak {*Rats rPois rN+ Str-1 Int-1
                  | Dex+1}
  4648 | D:5      | Noticed a two-headed ogre
  4654 | D:5      | XOM: cast spell 'Leda's Liquefaction'
  4664 | D:5      | Slain by a two-headed ogre

Illustrated notes

Levels and vault maps discovered:
D:1:      psy_arrival_spokes, layout_rooms
D:2:      layout_basic, basic_ecumenical_altar, basic_altar, minmay_hedge_maze,
          minmay_tromino_i2
D:3:      minmay_evil_eye, layout_basic, kennysheep_pointless_box, st_stairs_2,
          uniq_robin
D:4:      layout_layer_cave, uniq_crazy_yiuf_cottage, uniq_duvessa
D:5:      layout_cave_pools, minmay_temple_entry_statues_fountains,
          kennysheep_generic_room_11, uniq_blork_the_orc

Skill      XL: |  1  2  3  4  5  6  7 |
---------------+----------------------+-----
Spellcasting   | 5 |  5.6
Invocations    | 1 2 |  2.8
Short Blades   | 1 2 |  2.5
Long Blades    | 1 2 |  2.5
Axes           | 1 2 |  2.5
Maces & Flails | 1 2 |  2.5
Staves         | 1 2 |  2.5
Slings         | 1 2 |  2.5
Bows           | 1 2 |  2.5
Crossbows      | 1 2 |  2.5
Stealth        | 1 2 |  2.5
Shields        | 1 2 |  2.5
Unarmed Combat | 1 2 |  2.5
Evocations     | 1 2 |  2.5
Conjurations   | 1 2 |  2.0
Hexes          | 1 2 |  2.0
Summonings     | 1 2 |  2.0
Necromancy     | 1 2 |  2.0
Transmutations | 1 2 |  2.0
Fire Magic     | 1 2 |  2.0
Ice Magic      | 1 2 |  2.0
Air Magic      | 1 2 |  2.0
Earth Magic    | 1 2 |  2.0
Poison Magic   | 1 2 |  2.0
Throwing       | 3 |  3.6
Armour         | 3 |  3.6
Fighting       | 5 |  5.2
Polearms       | 5 |  5.2
Dodging        | 5 |  5.2
Translocations | |  5.8

Action                   |  1- 3 |  4- 6 |  7- 9 || total
-------------------------+-------+-------+-------++-------
Melee: Spear             |   121 |       |       ||   121
       Bite              |    13 |    12 |     3 ||    28
       Punch             |     3 |     1 |       ||     4
       Trident           |    44 |   122 |       ||   166
       Quarterstaff      |       |    11 |    33 ||    44
Throw: Javelin           |       |       |     5 ||     5
       Stone             |       |       |     1 ||     1
 Cast: Blink             |       |       |     1 ||     1
 Stab: Sleeping          |     2 |       |       ||     2
Armor: Leather armour    |    22 |    32 |    12 ||    66
Dodge: Dodged            |    85 |    73 |    25 ||   183
